 Dungeon Crawl Stone Soup version 0.29.0 (webtiles) character file.

Game seed: 2382914607241135923

95438 gelatine the Fighter (level 15, -11/122 HPs)
             Began as a Demonspawn Gladiator on Aug 24, 2022.
             Was the Champion of Vehumet.
             Killed from afar by an ice dragon (27 damage)
             ... with a blast of cold
             ... on level 15 of the Dungeon.
             The game lasted 02:13:01 (32338 turns).

gelatine the Fighter (Demonspawn Gladiator)        Turns: 32338, Time: 02:13:02

Health: -11/122    AC: 19    Str: 20    XL:     15   Next: 66%
Magic:  18/23      EV: 21    Int:  9    God:    Vehumet [******]
Gold:   1715       SH: 15    Dex: 19    Spells: 5/29 levels left

rFire   + . .      SeeInvis .   u - +10 trident "Zagout" {freeze, rF+ rCorr}
rCold   . . .      Faith    .   y - +0 buckler
rNeg    . . .      Spirit   .   G - +0 steam dragon scales
rPois   .          Reflect  +   c - +1 helmet
rElec   .          Harm     .   a - +0 cloak
rCorr   +          Rampage  .   (gloves unavailable)
Will    +....      Rnd*Tele +   n - +2 pair of boots
Stlth   +++.......              g - amulet of reflection
HPRegen 0.30/turn               z - +4 ring of evasion
MPRegen 0.18/turn               S - +4 ring of slaying

@: studying 2 skills
A: claws 3, icemail 1, sharp scales 3, condensation shield, agile 1, low MP 1,
teleportitis 1
a: Renounce Religion


You were on level 15 of the Dungeon.
You worshipped Vehumet.
Vehumet was exalted by your worship.
You visited 8 branches of the dungeon, and saw 28 of its levels.
You also visited: Ice Cave.

You collected 1942 gold pieces.
You spent 227 gold pieces at shops.

Inventory:

Hand Weapons
 u - the +10 trident "Zagout" (weapon) {freeze, rF+ rCorr}
   (You found it on level 4 of the Dungeon)

   It freezes those it strikes, dealing additional cold damage.
   It can also slow down cold-blooded creatures.
   rF:        It protects you from fire.
   rCorr:     It protects you from acid and corrosion.
 J - a +7 battleaxe of protection
 V - the +5 great sword of Harmony {vamp, rElec SInv}
   (You found it on level 2 of the Lair of Beasts)

   It occasionally heals its wielder for a portion of the damage dealt when it
   wounds a living foe.
   rElec:     It insulates you from electricity.
   SInv:      It lets you see invisible.
 Z - the +12 pair of quick blades "Gyre" and "Gimble" {protect}
   (You found it on level 13 of the Dungeon)

   It grants its wielder temporary protection when it strikes (+7 to AC).
Missiles
 d - 4 throwing nets
 e - 8 atropa-tipped darts
 i - 6 boomerangs
 I - 27 poisoned darts
 Q - a curare-tipped dart
Armour
 a - a +0 cloak (worn)
 c - a +1 helmet (worn)
 n - a +2 pair of boots (worn)
 y - a +0 buckler (worn)
 G - +0 steam dragon scales (worn)
 H - a +2 robe of fire resistance
 M - a +2 robe of cold resistance
 X - the +5 ice dragon scales of Vlad {rF- rC++ Int+2}
   (You found it on level 4 of the Lair of Beasts)

   Int:       It affects your intelligence (+2).
   rF:        It makes you vulnerable to fire.
   rC:        It greatly protects you from cold.
Jewellery
 g - an amulet of reflection (around neck)
 m - a ring of resist corrosion
 o - a +6 ring of intelligence
 q - a ring of see invisible
 s - an amulet of magic regeneration
 v - an amulet of faith
 z - a +4 ring of evasion (left claw)
 S - a +4 ring of slaying (right claw)
 T - a ring of magical power
Wands
 k - a wand of digging (10)
 l - a wand of flame (9)
 A - a wand of paralysis (12)
 C - a wand of iceblast (9)
 D - a wand of mindburst (11)
 F - a wand of polymorph (16)
 L - a wand of quicksilver (5)
Scrolls
 h - 3 scrolls of poison
 E - a scroll of silence
 K - 7 scrolls of teleportation
 N - a scroll of butterflies
 O - 5 scrolls of magic mapping
 P - 7 scrolls of identify
 W - 2 scrolls of blinking
Potions
 f - 4 potions of lignification
 j - 2 potions of magic {unknown}
 p - 2 potions of berserk rage
 r - 4 potions of haste
 t - a potion of heal wounds
 w - a potion of flight
 x - a potion of ambrosia
 B - a potion of mutation
 R - 3 potions of might
 U - 3 potions of resistance
 Y - a potion of invisibility
Miscellaneous
 b - a lightning rod (4/4)


   Skills:
 * Level 12.7 Fighting
 + Level 1.9 Short Blades
 + Level 11.3(13.4) Axes
 + Level 11.9(13.7) Polearms
 + Level 2.6 Throwing
 + Level 3.0 Armour
 + Level 9.1 Dodging
 + Level 6.1 Stealth
 + Level 7.6 Shields
 + Level 7.7 Spellcasting
 * Level 6.1 Conjurations
 + Level 2.4 Hexes
 + Level 1.3 Transmutations
 * Level 3.6 Fire Magic
 + Level 2.2 Ice Magic
 + Level 3.0 Air Magic
 + Level 2.3 Earth Magic
 + Level 6.7 Poison Magic
 + Level 2.5 Evocations


You had 5 spell levels left.
You knew the following spells:

 Your Spells              Type           Power      Damage    Failure   Level
a - Sandblast             Erth           14%        2d6       2%          1
b - Static Discharge      Conj/Air       11%        3-5/arc   1%          2
c - Frozen Ramparts       Ice            14%        1d3       7%          3
d - Fulminant Prism       Conj/Hex       5%         3d7       11%         4
e - Yara's Violent Unrav  Hex/Tmut       3%         3d4       56%         5
f - Olgreb's Toxic Radia  Pois           15%        N/A       4%          4
g - Fireball              Conj/Fire      6%         3d5       22%         5

Your spell library contained the following spells:

 Spells                   Type           Power      Damage    Failure   Level
 Iskenderun's Battlesphe  Conj           14%        2d7       13%         5
 Shock                    Conj/Air       44%        1d5       1%          1
 Poisonous Vapours        Pois/Air       24%        N/A       1%          2
 Freeze                   Ice            28%        1d5       2%          1
 Stone Arrow              Conj/Erth      22%        3d8       3%          3
 Sting                    Tmut/Pois      40%        1d5       4%          1
 Hailstorm                Conj/Ice       11%        3d5       11%         4
 Beastly Appendage        Tmut           10%        N/A       13%         1
 Ensorcelled Hibernation  Hex/Ice        14%        N/A       13%         2
 Spider Form              Tmut/Pois      10%        N/A       13%         3
 Passwall                 Tmut/Erth      5%         N/A       16%         2
 Airstrike                Air            4%         2d(1-17)  17%         4
 Swiftness                Air            9%         N/A       19%         3
 Wereblood                Tmut           5%         N/A       21%         2
 Apportation              Tloc           6%         N/A       22%         1
 Necrotise                Necr           12%        1d4       22%         1
 Lightning Bolt           Conj/Air       5%         1d17      24%         5
 Irradiate                Conj/Tmut      5%         3d13      32%         5
 Blink                    Tloc           6%         N/A       34%         2
 Corpse Rot               Necr/Pois/Air  9%         N/A       52%         4
 Lesser Beckoning         Tloc           3%         N/A       56%         3
 Vampiric Draining        Necr           3%         2d6       56%         3
 Summon Lightning Spire   Summ/Air       6%         N/A       77%         4
 Alistair's Intoxication  Tmut/Pois      6%         N/A       77%         5
 Dispel Undead            Necr           3%         3d7       92%         4
 Blade Hands              Tmut           2%         N/A       98%         5
 Agony                    Necr           3%         N/A       99%         5
 Manifold Assault         Tloc           3%         N/A       99%         5
 Starburst                Conj/Fire      6%         6d4       71%         6
 Death Channel            Necr           1%         N/A       100%        6
 Dragon Form              Tmut           2%         N/A       100%        7
 Ignition                 Fire           5%         3d4       100%        8
 Maxwell's Capacitive Co  Air            4%         ∞         100%        8


Dungeon Overview and Level Annotations

Branches:
Dungeon (15/15)            Temple (1/1) D:5            Lair (5/5) D:11
  Swamp (1/4) Lair:3       Spider (1/4) Lair:3        Slime (2/5) Lair:4
    Orc (2/2) D:9             Elf (1/3) Orc:2        Vaults (0/5) D:13
  IceCv (visited)
 Depths: D:15

Altars:
Ashenzari
Cheibriados
Dithmenos
Fedhas
Gozag
Hepliaklqana
Kikubaaqudgha
Makhleb
Nemelex Xobeh
Okawaru
Qazlal
Ru
Sif Muna
Trog
Uskayaw
Vehumet
Wu Jian
Xom
Yredelemnul

Shops:
D:6 =   Orc:1 :!!   Orc:2 (*[=((?

Annotations:
Swamp:1 Mlioglotl
Orc:2 3 runed translucent doors, Tollund's ghost, journeyman MiFi


Innate Abilities, Weirdness & Mutations

You have claws for hands.
A meltable icy envelope protects you from harm. (AC +4)
You are completely covered in razor-sharp scales. (AC +3, Slay +3)
A meltable shield of frost defends you. (SH +4)
You are agile. (Dex +4, Str/Int -1)
Your magical capacity is low. (-10% MP)
You are occasionally teleported next to monsters.


Message History

Unknown command.
An ice dragon comes into view.
Found 35 gold pieces.
The ice dragon roars deafeningly!
An ice dragon comes into view.
Found 102 gold pieces.
The ice dragon roars deafeningly!
The ice dragon breathes frost at you. The blast of cold hits you!!
The ice dragon breathes frost at you. The blast of cold hits you!!
You see here a +2 pair of boots.
Casting: Fireball (dangerous; 22% risk of failure)
Confirm with . or Enter, or press ? or * to list all spells.
Aiming: Fireball (dangerous; 22% risk of failure)
Press: ? - help, Shift-Dir - straight line, f - ice dragon
Aim: an ice dragon The fireball explodes!
The fireball engulfs the ice dragon!
The ice dragon is burned terribly!
The ice dragon is lightly wounded.
The fireball engulfs the ice dragon.
The ice dragon is burned terribly!
The ice dragon is lightly wounded.
The ice dragon breathes frost at you.
The blast of cold hits the ice dragon!
The ice dragon resists.
The blast of cold hits you!!!
* * * LOW HITPOINT WARNING * * *
Read: 2 scrolls of butterflies
Press: ? - help, Q - select action, (/) - cycle Dir - look around, f - activate Look: an ice dragon (lightly wounded)
As you read the scroll of butterflies, it crumbles to dust.
You hear the tinkle of a tiny bell.
The ice dragon breathes frost at you. The blast of cold hits your butterfly!!
Your butterfly dies!
Your butterfly disappears in a burst of colours!
The blast of cold hits your butterfly!!
Your butterfly dies!
Your butterfly disappears in a burst of colours!
The blast of cold hits you!!
You die...

########### #.........#
##### ##.#######b#
)...###..# #b#
.)......## #@# .##.#####
#.#### .##.# #b...###
.##.#### #### #.D....#
.......# $$$$. ##.8..##
......##
...D..##D..########
.#....#
#.....###.....####
^#....##
....D.#####...###....###
.#.....##$$$$.########.#
#.......


You could see 2 ice dragons.

Vanquished Creatures
  An ettin (Orc:2)
  Josephine (D:11)
  A catoblepas (D:14)
  5 hydras
  6 boulder beetles
  The ghost of Tsarbomb the Cleaver, a journeyman DsGl of Okawaru (D:11)
  Erica (D:8)
  9 two-headed ogres
  3 centaur warriors
  A merfolk avatar (Lair:5)
  A tengu warrior (D:11)
  4 death yaks (Lair:1)
  An orc high priest (Orc:2)
  Nergalle (Lair:3)
  A skeletal warrior (D:13)
  A pharaoh ant (Spider:1)
  An orb spider (Spider:1)
  A steelbarb worm (Lair:3)
  A lindwurm (Lair:5)
  A lindwurm (shapeshifter) (D:15)
  2 orc knights
  A deep elf archer (D:13)
  4 deep elf zephyrmancers
  15 ugly things
  4 deep elf pyromancers
  2 harpies (Lair:5)
  4 orc sorcerers (Orc:2)
  A shining eye (Slime:1)
  A cyclops (Orc:1)
  5 manticores
  15 elephants (Lair:3)
  2 black mambas
  14 cane toads
  A gargoyle (D:12)
  2 torpor snails
  4 rime drakes
  An unseen horror (D:11)
  A demonic crawler (Lair:3)
  4 centaur skeletons (D:13)
  An unseen horror zombie (D:9)
  12 komodo dragons
  4 kobold demonologists (D:11)
  An efreet (D:15)
  8 yaktaurs
  4 polar bears
  3 hornets
  Grinder (D:6)
  3 meliai (D:15)
  6 trolls
  2 tarantellas (Spider:1)
  Prince Ribbit (Lair:1)
  A wind drake (Lair:5)
  4 dream sheep (Lair:3)
  10 slime creatures
  21 blink frogs
  2 snapping turtles (Lair:5)
  2 water elementals
  3 jumping spiders (Spider:1)
  6 wraiths
  A shadow (D:9)
  A vampire (D:12)
  6 basilisks
  A fire bat (shapeshifter) (D:14)
  6 wyverns
  54 yaks
  9 redbacks
  7 vampire mosquitoes
  3 steam dragons
  2 swamp worms (Lair:3)
  4 wargs
  An acid dragon (D:10)
  14 water moccasins
  17 orc warriors
  3 sky beasts
  3 black bears
  5 ogres
  A centaur (shapeshifter) (D:15)
  3 wolves (Lair:4)
  4 boggarts (D:14)
  2 phantoms (D:9)
  4 centaurs (D:13)
  Blork the orc (D:5)
  2 kobold brigands (D:11)
  2 scorpions
  13 bullfrogs
  A gnoll sergeant (D:5)
  2 necrophages (D:7)
  A two-headed ogre simulacrum (IceCv)
  4 wights (D:8)
  13 killer bees
  4 electric eels
  5 howler monkeys
  A centaur zombie (D:9)
  3 jellies
  13 orc priests
  5 hounds
  3 gnoll boudas
  2 iguanas
  31 orc wizards
  6 ogre zombies (D:9)
  12 gnolls
  9 adders
  2 shadow imps
  A white imp (IceCv)
  2 ufetubi
  2 worms (D:3)
  A dart slug (D:2)
  47 orcs
  4 bats
  5 endoplasms
  3 giant cockroaches
  8 goblins
  A hobgoblin (D:3)
  10 jackals
  5 quokkas
  9 ball pythons
  3 frilled lizards
  3 goblin zombies (D:9)
  4 hobgoblin zombies (D:9)
  10 kobolds
  2 orc skeletons (D:9)
  10 orc zombies (D:9)
  7 rats
643 creatures vanquished.

Vanquished Creatures (others)
  13 fulminant prisms
  36 fungi
  69 plants
118 creatures vanquished.

Grand Total: 761 creatures vanquished

Notes
Turn   | Place    | Note
-------+----------+-------------------------------------------
     0 | D:1      | gelatine the Demonspawn Gladiator began the quest for the
                  | Orb.
     0 | D:1      | Reached XP level 1. HP: 16/16 MP: 1/1
   513 | D:1      | Gained mutation: You are partially covered in razor-sharp
                  | scales. (AC +1, Slay +1) [demonic ancestry]
   513 | D:1      | Reached XP level 2. HP: 12/22 MP: 2/2
   999 | D:2      | Found a faded altar of an unknown god.
  1003 | D:2      | Prayed at the altar of an unknown god.
  1003 | D:2      | Became a worshipper of Vehumet
  1003 | D:2      | Reached * piety under Vehumet
  1003 | D:2      | Offered knowledge of Sandblast by Vehumet.
  1006 | D:2      | Learned a level 1 spell: Sandblast
  1732 | D:3      | Gained mutation: A meltable shield of frost defends you.
                  | (SH +4) [demonic ancestry]
  1732 | D:3      | Reached XP level 3. HP: 27/27 MP: 0/3
  1846 | D:3      | Reached skill level 1 in Armour
  2007 | D:3      | Reached skill level 1 in Earth Magic
  2224 | D:3      | Offered knowledge of Static Discharge by Vehumet.
  2227 | D:3      | Reached ** piety under Vehumet
  2228 | D:3      | Gained mutation: You have sharp fingernails. [demonic
                  | ancestry]
  2228 | D:3      | Reached XP level 4. HP: 29/34 MP: 4/4
  2232 | D:3      | Found a large runed translucent door.
  2233 | D:3      | Found a large runed translucent door.
  2331 | D:3      | Found an ancient bone altar of Kikubaaqudgha.
  2644 | D:3      | Learned a level 2 spell: Static Discharge
  2901 | D:4      | Reached skill level 1 in Spellcasting
  2909 | D:4      | Identified the +10 trident "Zagout" {freeze, rF+ rCorr}
  2954 | D:4      | Gained mutation: A meltable icy envelope protects you from
                  | harm. (AC +4) [demonic ancestry]
  2954 | D:4      | Reached XP level 5. HP: 36/36 MP: 5/7
  3058 | D:4      | Reached skill level 3 in Fighting
  3089 | D:4      | Offered knowledge of Frozen Ramparts by Vehumet.
  3094 | D:4      | Learned a level 3 spell: Frozen Ramparts
  3473 | D:4      | Found a bloodstained altar of Trog.
  3509 | D:5      | Entered Level 5 of the Dungeon
  3510 | D:5      | Found a burning altar of Makhleb.
  3619 | D:5      | Noticed Blork the orc
  3625 | D:5      | Killed Blork the orc
  3626 | D:5      | Reached skill level 1 in Conjurations
  3626 | D:5      | Reached skill level 1 in Air Magic
  3626 | D:5      | Reached XP level 6. HP: 47/47 MP: 7/9
  3681 | D:5      | Reached *** piety under Vehumet
  3685 | D:5      | Reached skill level 1 in Polearms
  3707 | D:5      | Reached skill level 1 in Shields
  3720 | D:5      | Gained mutation: You are mostly covered in razor-sharp
                  | scales. (AC +2, Slay +2) [demonic ancestry]
  3720 | D:5      | Reached XP level 7. HP: 30/52 MP: 7/10
  4042 | D:5      | Found a staircase to the Ecumenical Temple.
  4055 | Temple   | Entered the Ecumenical Temple
  4364 | D:5      | Found a shadowy altar of Dithmenos.
  4447 | D:6      | Offered knowledge of Conjure Flame by Vehumet.
  4838 | D:6      | Noticed Grinder
  4850 | D:6      | Killed Grinder
  4851 | D:6      | Reached skill level 4 in Fighting
  4851 | D:6      | Reached skill level 1 in Stealth
  4851 | D:6      | Gained mutation: You have very sharp fingernails. [demonic
                  | ancestry]
  4851 | D:6      | Reached XP level 8. HP: 48/60 MP: 10/12
  5049 | D:6      | Gained mutation: You are weak. (Str -2) [potion of
                  | mutation]
  5049 | D:6      | Gained mutation: You expend magic power (3 MP) to
                  | strengthen your wands. [potion of mutation]
  5061 | D:6      | Found a hazy altar of Hepliaklqana.
  5119 | D:6      | Found a shimmering blue altar of Sif Muna.
  5280 | D:6      | Found Miponahe's Jewellery Shoppe.
  5789 | D:7      | Lost mutation: You expend magic power (3 MP) to strengthen
                  | your wands. [potion of mutation]
  5789 | D:7      | Lost mutation: You are weak. (Str -2) [potion of mutation]
  5789 | D:7      | Gained mutation: You have claws for hands. [potion of
                  | mutation]
  5789 | D:7      | Gained mutation: You are agile. (Dex +4, Str/Int -1)
                  | [potion of mutation]
  6411 | D:8      | Reached XP level 9. HP: 67/67 MP: 12/14
  6538 | D:8      | Reached skill level 5 in Fighting
  6588 | D:8      | Noticed Erica
  6595 | D:8      | Killed Erica
  6595 | D:8      | Reached **** piety under Vehumet
  6596 | D:8      | Reached skill level 5 in Polearms
  6909 | D:8      | Reached skill level 6 in Fighting
  7222 | D:8      | Offered knowledge of Flame Wave by Vehumet.
  7420 | D:9      | Found a staircase to the Orcish Mines.
  7454 | D:9      | Reached XP level 10. HP: 40/76 MP: 15/15
  7688 | D:9      | Noticed a two-headed ogre
  7696 | D:9      | Killed a two-headed ogre
  7700 | D:9      | Reached ***** piety under Vehumet
  7700 | D:9      | Offered knowledge of Fulminant Prism by Vehumet.
  7707 | D:9      | Noticed a two-headed ogre
  7719 | D:9      | Killed a two-headed ogre
  7740 | D:9      | Reached skill level 7 in Fighting
  8031 | D:9      | Reached skill level 5 in Dodging
  8087 | D:9      | Found a basalt altar of Yredelemnul.
  8228 | D:9      | Found a sparkling altar of Nemelex Xobeh.
  8234 | D:9      | Learned a level 4 spell: Fulminant Prism
  8754 | Orc:1    | Entered Level 1 of the Orcish Mines
  8754 | Orc:1    | Found Ajaoss's Book Boutique.
  8758 | Orc:1    | Noticed an orc knight
  8763 | Orc:1    | Noticed a cyclops
  8791 | D:9      | Killed an orc knight
  9008 | Orc:1    | Killed a cyclops
  9078 | Orc:1    | Found Eqown's Distillery.
  9084 | Orc:1    | Reached XP level 11. HP: 62/84 MP: 17/17
  9098 | Orc:1    | Noticed an orc knight
  9793 | Orc:1    | Killed an orc knight
  9794 | Orc:1    | Reached skill level 5 in Shields
  9821 | Orc:1    | Bought a potion of heal wounds for 70 gold pieces
  9907 | Orc:1    | You fall into a shaft and drop 1 floor!
  9907 | Orc:2    | Entered Level 2 of the Orcish Mines
 10010 | Orc:1    | Found Selue's Distillery.
 10245 | D:10     | Entered Level 10 of the Dungeon
 10257 | D:10     | Paralysed by a hornet for 2 turns
 10259 | D:10     | Reached skill level 5 in Axes
 10824 | D:10     | Noticed a two-headed ogre
 10832 | D:10     | Killed a two-headed ogre
 10833 | D:10     | Reached skill level 8 in Fighting
 11729 | D:11     | Noticed a sixfirhy
 11733 | D:11     | Noticed a sun demon
 12166 | D:11     | Found a staircase to the Lair.
 12207 | D:11     | Noticed a two-headed ogre
 12248 | D:11     | Found a runed translucent door.
 12251 | D:11     | Noticed a tengu warrior
 12251 | D:11     | Noticed Tsarbomb's ghost (journeyman DsGl)
 12268 | D:11     | Killed a two-headed ogre
 12491 | D:11     | Offered knowledge of Yara's Violent Unravelling by Vehumet.
 12792 | D:11     | Noticed Josephine
 12804 | D:11     | Killed Josephine
 13165 | D:11     | Reached XP level 12. HP: 78/94 MP: 18/18
 13166 | D:11     | Reached skill level 9 in Fighting
 13282 | D:11     | Learned a level 5 spell: Yara's Violent Unravelling
 13372 | Lair:1   | Entered Level 1 of the Lair of Beasts
 13583 | Lair:1   | Noticed a death yak
 13583 | Lair:1   | Noticed a death yak
 13584 | Lair:1   | Noticed a death yak
 13601 | Lair:1   | Noticed a death yak
 13608 | Lair:1   | Killed a death yak
 13609 | Lair:1   | Reached skill level 1 in Evocations
 13622 | Lair:1   | Killed a death yak
 13622 | Lair:1   | Killed a death yak
 13623 | Lair:1   | Reached skill level 1 in Hexes
 13623 | Lair:1   | Reached skill level 1 in Transmutations
 13638 | Lair:1   | Killed a death yak
 13639 | Lair:1   | Reached skill level 1 in Ice Magic
 14256 | Lair:1   | Learned a level 4 spell: Olgreb's Toxic Radiance
 14561 | Lair:1   | Reached skill level 1 in Poison Magic
 14578 | Lair:1   | Noticed Prince Ribbit
 14592 | Lair:1   | Killed Prince Ribbit
 15342 | Lair:2   | Identified the +5 great sword of Harmony {vamp, rElec SInv}
 16139 | Lair:3   | Reached skill level 10 in Fighting
 16182 | Lair:3   | Reached skill level 5 in Stealth
 16183 | Lair:3   | Reached XP level 13. HP: 22/103 MP: 20/20
 17296 | Lair:3   | Reached skill level 10 in Polearms
 17426 | Lair:3   | Offered knowledge of Iron Shot by Vehumet.
 17629 | Lair:3   | Reached skill level 5 in Spellcasting
 17925 | Lair:3   | Found a staircase to the Swamp.
 17979 | Lair:3   | Found a hole to the Spider Nest.
 17981 | Lair:3   | Noticed Nergalle
 17991 | Lair:3   | Killed Nergalle
 18139 | Lair:3   | Reached skill level 5 in Poison Magic
 18559 | Lair:4   | Found a frozen archway.
 18600 | IceCv    | Entered an ice cave
 18985 | Spider:1 | Entered Level 1 of the Spider Nest
 19369 | Spider:1 | Noticed a spark wasp
 19536 | Swamp:1  | Entered Level 1 of the Swamp
 19548 | Swamp:1  | Noticed Mlioglotl
 19671 | D:11     | Killed Tsarbomb's ghost
 19711 | D:12     | Reached skill level 10 in Axes
 19711 | D:12     | Gained mutation: You are completely covered in razor-sharp
                  | scales. (AC +3, Slay +3) [demonic ancestry]
 19711 | D:12     | Reached XP level 14. HP: 72/111 MP: 22/22
 19917 | D:12     | Reached skill level 11 in Fighting
 20372 | D:12     | Identified the +1 ring mail of Noughts and Crosses
                  | {*Corrode rN+ Regen+}
 21249 | D:13     | Found the +12 pair of quick blades "Gyre" and "Gimble"
                  | {protect}
 21868 | D:13     | Reached skill level 1 in Short Blades
 22871 | D:13     | Found a gate to the Vaults.
 23824 | D:14     | Offered knowledge of Orb of Destruction by Vehumet.
 24954 | Orc:2    | Found a staircase to the Elven Halls.
 25031 | Orc:2    | Found Bisec's Weapon Shoppe.
 25176 | Orc:2    | Found Vuawn's Antique Weapon Shoppe.
 25204 | Orc:2    | Found a runed translucent gate.
 25205 | Orc:2    | Found a runed translucent gate.
 25206 | Orc:2    | Found a runed translucent gate.
 25208 | Orc:2    | Noticed Tollund's ghost (journeyman MiFi)
 25225 | Orc:2    | Reached skill level 12 in Fighting
 25325 | Orc:2    | Found Viz Mouwu's Magic Scroll Emporium.
 25519 | Orc:2    | Bought a scroll of teleportation for 45 gold pieces
 25519 | Orc:2    | Bought a scroll of magic mapping for 112 gold pieces
 25552 | Orc:2    | Found Cuniadil's Jewellery Boutique.
 25552 | Orc:2    | Found Raeskyi's Antique Weapon Boutique.
 25553 | Orc:2    | Found Liunipim's Antique Armour Shop.
 25556 | Orc:2    | Found Yfiaces's General Store.
 26227 | Elf:1    | Entered Level 1 of the Elven Halls
 26872 | Lair:4   | Identified the +5 ice dragon scales of Vlad {rF- rC++
                  | Int+2}
 27383 | Lair:4   | Found a staircase to the Slime Pits.
 27391 | Slime:1  | Entered Level 1 of the Pits of Slime
 27470 | Slime:2  | Noticed an azure jelly
 27474 | Slime:2  | Gained mutation: Your magical capacity is low. (-10% MP) [a
                  | shining eye]
 27477 | Slime:1  | Gained mutation: You are occasionally teleported next to
                  | monsters. [a shining eye]
 27529 | Lair:4   | Reached XP level 15. HP: 29/121 MP: 9/22
 27701 | Lair:4   | Offered knowledge of Conjure Ball Lightning by Vehumet.
 27973 | Lair:4   | Learned a level 5 spell: Fireball
 28320 | Lair:5   | Entered Level 5 of the Lair of Beasts
 28418 | Lair:5   | Reached skill level 1 in Fire Magic
 28580 | Lair:5   | Reached skill level 5 in Conjurations
 31406 | D:15     | Entered Level 15 of the Dungeon
 31641 | D:15     | Reached ****** piety under Vehumet
 31641 | D:15     | Offered knowledge of Iskenderun's Battlesphere by Vehumet.
 32338 | D:15     | Killed from afar by an ice dragon

Illustrated notes

Levels and vault maps discovered:
D:1:      dpeg_arrival_round_b, layout_basic, patterned_corridor
D:2:      layout_loops_ring, shapermc_ecumenical_altar_acropolis
D:3:      layout_basic, jmf_multi_god_temple2, skrybe_limestone_x,
          kennysheep_another_room
D:4:      layout_cave_pools, trog_book, fountainhead, st_stairs_13
D:5:      layout_loops_cross, mainiacjoe_overflow_boulevard,
          grunt_dithmenos_shadows, minmay_temple_entry_crystal_x, serial_glass,
          glass_columns_c, glass_columns_a, feat_on_display,
          nicolae_grassy_gnolls, uniq_blork_the_orc
D:6:      nicolae_cairo_tiling_large, layout_basic,
          mainiacjoe_overflow_two_lobes, serial_shops, nicolae_shop_statue_plus,
          uniq_grinder
D:7:      layout_basic, zin_statuary
D:8:      layout_basic, minmay_misc_feat_five, dk_rats_in_the_wall, uniq_erica
D:9:      layout_stronghold, nemelex_spade_bored_becter,
          lemuel_zombie_altar_yredelemnul, zombieorc1_lemuel
D:10:     layout_grid_maze
D:11:     layout_long_grid, david_lair_shrubbed, ebering_ghost_inner_flame,
          uniq_josephine
D:12:     layout_irregular_city
D:13:     layout_rooms, hangedman_vaults_entry_quadrant_bands
D:14:     layout_irregular_city, serial_bayou_ford_a
D:15:     grunt_enter_depths_hoard, layout_loops_ring,
          nicolae_concentric_dashed_squares_mild, minmay_crystal_water,
          nicolae_gozag_seed_capital
Temple:   nicolae_temple_godzebo
Lair:1:   layout_gridlike, nicolae_lair_lil_pond, uniq_prince_ribbit2
Lair:2:   layout_roguey, dreamdust_deal_with_the_devil, lemuel_fruit_tree,
          infiniplex_staircase_pool_2
Lair:3:   layout_roguey, minmay_swamp_entry_worms, spider_nest_entry_web_field,
          uniq_nergalle
Lair:4:   layout_roguey, dpeg_slime_entry_enclosed,
          portal_ice_cave_entry_animals_and_master, serial_bayou_shore_b
Lair:5:   gammafunk_lair_ancient_temple, layout_regular_city
Swamp:1:  nicolae_swamp_decorative_isthmus, layout_basic_swamp,
          nicolae_swamp_godswood, infiniplex_staircase_pool, uniq_mlioglotl
Spider:1: spiders_nest_a
Slime:1:  layout_caves
Slime:2:  layout_caves
Orc:1:    layout_caves, serial_shops, nicolae_diamond_shop, shop,
          nicolae_shop_window_shopping
Orc:2:    st_orc_mages, layout_caves, gammafunk_ghost_necromancy, serial_shops,
          nicolae_shop_advertising_works [nicolae_subvault_shop_adworks], shop,
          nicolae_shop_hallway_plus
Elf:1:    minmay_elf_arrival_plus, layout_geoelf_diagonals,
          minmay_elf_demonology, hex_large

Skill      XL: |  1  2  3  4  5  6  7  8  9 10 11 12 13 14 15 |
---------------+----------------------------------------------+-----
Axes           | 3 7 9 10 11 | 11.3
Armour         | 1 2 3 |  3.0
Earth Magic    | 1 2 |  2.3
Spellcasting   | 1 2 3 4 5 6 7 |  7.7
Dodging        | 3 4 5 6 7 8 9 |  9.1
Fighting       | 3 4 6 7 8 10 12 | 12.7
Conjurations   | 1 2 3 4 6 |  6.1
Air Magic      | 1 2 3 |  3.0
Polearms       | 1 2 4 6 8 9 10 11 | 11.9
Shields        | 1 2 3 4 5 6 7 |  7.6
Throwing       | 2 |  2.6
Stealth        | 1 2 3 4 5 6 |  6.1
Evocations     | 2 |  2.5
Hexes          | 1 2 |  2.4
Transmutations | 1 |  1.3
Ice Magic      | 1 2 |  2.2
Poison Magic   | 3 5 6 |  6.7
Short Blades   | 1 |  1.9
Fire Magic     | 3 |  3.6

Action                   |  1- 3 |  4- 6 |  7- 9 | 10-12 | 13-15 || total
-------------------------+-------+-------+-------+-------+-------++-------
Melee: War axe           |    91 |    32 |       |       |       ||   123
       Trident           |       |    59 |   128 |   208 |   500 ||   895
       Punch             |       |     2 |       |     2 |     8 ||    12
       Battleaxe         |       |       |       |   304 |   292 ||   596
       Pair of quick bla |       |       |       |       |    48 ||    48
Throw: Throwing net      |     3 |     2 |       |       |       ||     5
       Javelin           |       |     2 |     3 |       |       ||     5
       Dart              |       |       |     2 |    11 |     3 ||    16
       Boomerang         |       |       |       |    10 |     4 ||    14
 Cast: Sandblast         |    15 |     7 |       |    10 |    26 ||    58
       Static Discharge  |       |    10 |    27 |    33 |    28 ||    98
       Frozen Ramparts   |       |       |       |     3 |     8 ||    11
       Fulminant Prism   |       |       |       |     3 |    10 ||    13
       Olgreb's Toxic Ra |       |       |       |     4 |    67 ||    71
       Fireball          |       |       |       |       |    24 ||    24
Evoke: Wand              |       |       |       |     2 |     8 ||    10
  Use: Potion            |       |     4 |     2 |     8 |     5 ||    19
       Scroll            |       |     9 |     4 |    19 |     5 ||    37
 Stab: Sleeping          |     1 |     1 |     3 |    10 |    11 ||    26
       Distracted        |       |       |       |       |     5 ||     5
       Paralysed         |       |       |       |       |     4 ||     4
Armor: Leather armour    |    27 |    26 |    20 |       |       ||    73
       Skin              |       |    10 |       |       |       ||    10
       Steam dragon scal |       |       |     8 |   183 |   283 ||   474
Dodge: Dodged            |    53 |    49 |    41 |   307 |   596 ||  1046
Block: Other             |    38 |    57 |     4 |   201 |   299 ||   599
       Buckler           |       |       |    63 |    86 |    26 ||   175
       Reflection        |       |       |       |     3 |    26 ||    29
